 Dungeon Crawl Stone Soup version 0.23-a0-290-g290e36d (webtiles) character file.

11863 MisterFreud the Grappler (level 11, -7/94 HPs)
             Began as a Troll Monk on Oct 3, 2018.
             Was a High Priest of Qazlal.
             Mangled by a white ugly thing (27 damage)
             ... on level 11 of the Dungeon.
             The game lasted 00:21:11 (7662 turns).

MisterFreud the Grappler (Troll Monk)               Turns: 7662, Time: 00:21:12

Health: -7/94      AC:  7    Str: 23    XL:     11   Next: 54%
Magic:  17/17      EV: 16    Int:  9    God:    Qazlal [*****.]
Gold:   566        SH:  7    Dex: 15    Spells: 10/10 levels left

rFire    . . .     SeeInvis .     - Unarmed
rCold    . . .     Gourm    +   (no shield)
rNeg     . . .     Faith    .   a - +0 robe
rPois    .         Spirit   .   O - +1 hat {Int+3}
rElec    .         Reflect  .   g - +0 cloak
rCorr    .         Harm     .   (gloves unavailable)
MR       +....                  (boots unavailable)
Stlth    +.........             (no amulet)
HPRegen  0.65/turn              w - +2 ring of strength
MPRegen  0.15/turn              L - ring of protection from magic

@: slowed, repel missiles, very slow
A: large, unfitting armour, claws 3, fast metabolism 3, gourmand, regeneration
1, shaggy fur 1, tough skin 2
a: Upheaval, Elemental Force, Disaster Area, Renounce Religion


You were on level 11 of the Dungeon.
You worshipped Qazlal.
Qazlal was extremely pleased with you.
You were very full.

You visited 1 branch of the dungeon, and saw 11 of its levels.
You also visited: Ossuary.

You collected 678 gold pieces.
You spent 112 gold pieces at shops.

Inventory:

Missiles
 c - 458 stones
 i - 14 javelins (quivered)
 D - a throwing net
 I - 4 large rocks
Armour
 a - a +0 robe (worn)
 g - a +0 cloak (worn)
 O - a +1 hat of intelligence (worn)
Jewellery
 w - a +2 ring of strength (left claw)
 F - an uncursed ring of resist corrosion
 L - a ring of protection from magic (right claw)
Wands
 n - a wand of random effects (31)
 o - a wand of flame (26)
 y - a wand of iceblast (17)
 E - a wand of enslavement (5)
 G - a wand of acid (6)
 J - a wand of clouds (7)
 M - a wand of scattershot (5)
Scrolls
 h - 7 scrolls of remove curse
 j - 3 scrolls of enchant weapon
 m - 3 scrolls of noise {unknown}
 p - 2 scrolls of blinking {unknown}
 q - 9 scrolls of teleportation
 u - a scroll of magic mapping {unknown}
 v - 2 scrolls of identify
 z - a scroll of enchant armour {unknown}
 A - a scroll of fear {unknown}
 K - a scroll of immolation {unknown}
Potions
 d - 2 potions of curing
 e - 2 potions of lignification
 f - a potion of ambrosia
 k - a potion of agility
 l - 5 potions of mutation
 r - 2 potions of flight
 s - 2 potions of haste
 x - a potion of magic
 B - 3 potions of might
 C - a potion of berserk rage
 H - 2 potions of brilliance
 N - a potion of heal wounds
Comestibles
 b - 20 rations


   Skills:
 - Level 2.4 Fighting
 + Level 3.6 Throwing
 + Level 9.3 Dodging
 - Level 1.0 Stealth
 - Level 12.0 Unarmed Combat
 + Level 9.7 Invocations


You had 10 spell levels left.
You didn't know any spells.
Your spell library contained the following spells:

 Spells                   Type           Power        Failure   Level  Hunger
 Confusing Touch          Hex            #.....       38%         1    ##.....
 Corona                   Hex            #......      38%         1    ##.....
 Slow                     Hex            #.......     52%         2    ###....
 Confuse                  Hex            #.......     77%         3    ####...
 Gell's Gravitas          Tloc           #.........   77%         3    ####...
 Inner Flame              Hex/Fire       #.......     77%         3    ####...
 Portal Projectile        Hex/Tloc       #.....       77%         3    ####...
 Cause Fear               Hex            #.........   99%         4    #####..
 Leda's Liquefaction      Hex/Erth       #.........   99%         4    #####..
 Petrify                  Tmut/Erth      #.......     99%         4    #####..
 Metabolic Englaciation   Hex/Ice        #.........   100%        5    ######.
 Yara's Violent Unravell  Hex/Tmut       #.........   100%        5    ######.


Dungeon Overview and Level Annotations

Branches:
Dungeon (11/15)            Temple (0/1) D:6             Orc (0/2) D:10
   Lair: D:8-11

Altars:
Ashenzari
Cheibriados
Dithmenos
Fedhas
Hepliaklqana
Makhleb
Qazlal
Ru
Vehumet
Xom

Shops:
D:5 *


Innate Abilities, Weirdness & Mutations

You are too large for most types of armour.
You have claws for hands.
Your metabolism is lightning-fast.
You like to eat raw meat.
Your natural rate of healing is unusually fast.
You are covered in fur. (AC +1)
You have very tough skin. (AC +2)


Message History

The white ugly thing is severely wounded.
The white ugly thing gores you. The white ugly thing freezes you!
The wraith hits you. The wraith drains your vigour!
You feel yourself slow down.
You are too injured to fight recklessly!
You are too injured to fight recklessly!
You hear an angry hiss.
The wraith is struck by lightning.
You hear a croak.
You hear an angry hiss.
You hear a chilling moan.
You see here a ration.
The white ugly thing is engulfed in blazing flames.
You block the white ugly thing's attack.
You closely miss the white ugly thing.
The white ugly thing is almost dead.
The white ugly thing gores you. The white ugly thing freezes you!!
* * * LOW HITPOINT WARNING * * *
You feel much better. The white ugly thing gores you!
* * * LOW HITPOINT WARNING * * *
The white ugly thing freezes you!!
You die...

...... ......
#....
#....#########
##<...........#
..............#
......§..§....# .
......)§†§§...#
#.##...###@§§...#
##.########u§....#
+.....W...W§.....#
#.........)......#
#.......)).......#
#..##..###......#
#..###...!..#
#<..[.......#
#...........#


You could see a white ugly thing and a wraith.

Vanquished Creatures
  Gastronok (D:10)
  2 two-headed ogres (D:8)
  Urug (D:10)
  Pikel (D:4)
  2 wraiths (Ossuary)
  4 hogs (D:9)
  A human (D:9)
  2 water moccasins
  A phantom (D:7)
  3 ice beasts
  5 orc warriors
  4 sky beasts
  2 ogres
  A necrophage (D:9)
  3 slaves (D:4)
  3 centaurs
  2 bullfrogs (D:10)
  A gnoll sergeant (D:8)
  A water moccasin skeleton (D:10)
  2 scorpions (D:7)
  9 killer bees
  9 wights
  3 howler monkeys
  4 crimson imps
  3 bullfrog zombies
  A jelly (D:8)
  2 bullfrog skeletons
  3 hounds
  3 orc priests
  5 orc wizards
  Jessica (D:2)
  2 centaur skeletons
  6 iguanas
  Natasha (twice) (D:3)
  13 worker ants
  A hound skeleton (D:9)
  A mummy (D:5)
  A howler monkey zombie (D:9)
  A worker ant zombie (D:9)
  7 adders
  7 gnolls
  2 shadow imps
  2 adder zombies (Ossuary)
  An adder skeleton (D:4)
  2 worms
  2 dart slugs (D:1)
  2 leopard geckos
  49 orcs
  7 giant cockroaches
  9 goblins
  16 hobgoblins
  7 jackals
  A quokka (D:4)
  A ball python skeleton (Ossuary)
  7 bats
  4 frilled lizards
  2 hobgoblin skeletons (Ossuary)
  3 hobgoblin zombies (Ossuary)
  8 kobolds
  4 leopard gecko skeletons (D:4)
  An orc skeleton (Ossuary)
  An orc zombie (Ossuary)
  A quokka zombie (D:8)
  6 rats
264 creatures vanquished.

Vanquished Creatures (others)
  2 fungi (D:11)
  A plant (D:11)
3 creatures vanquished.

Grand Total: 267 creatures vanquished

Notes
Turn   | Place    | Note
-------+----------+-------------------------------------------
     0 | D:1      | MisterFreud the Troll Monk began the quest for the Orb.
     0 | D:1      | Reached XP level 1. HP: 22/22 MP: 0/0
   177 | D:1      | Reached XP level 2. HP: 27/29 MP: 1/1
   293 | D:1      | Reached skill level 4 in Unarmed Combat
   448 | D:1      | Reached XP level 3. HP: 36/36 MP: 2/2
   873 | D:2      | Reached skill level 5 in Unarmed Combat
   873 | D:2      | Reached XP level 4. HP: 26/44 MP: 3/3
   961 | D:2      | Reached XP level 5. HP: 33/50 MP: 4/4
  1211 | D:2      | Noticed Jessica
  1218 | D:2      | Killed Jessica
  1218 | D:2      | Reached skill level 6 in Unarmed Combat
  1855 | D:3      | Noticed Natasha
  1861 | D:3      | Killed Natasha
  1867 | D:3      | Noticed Natasha
  1871 | D:3      | Killed Natasha
  1964 | D:3      | Reached XP level 6. HP: 53/59 MP: 5/5
  1970 | D:3      | Found a shimmering altar of Xom.
  1970 | D:3      | Found a radiant altar of Vehumet.
  1970 | D:3      | Found a blossoming altar of Fedhas.
  1970 | D:3      | Found a shattered altar of Ashenzari.
  1977 | D:3      | Found a stormy altar of Qazlal.
  1977 | D:3      | Found a hazy altar of Hepliaklqana.
  1989 | D:3      | Became a worshipper of Qazlal Stormbringer
  1989 | D:3      | Reached * piety under Qazlal
  1989 | D:3      | Reached ** piety under Qazlal
  2095 | D:4      | Reached skill level 7 in Unarmed Combat
  2646 | D:4      | Noticed a slave
  2646 | D:4      | Noticed a slave
  2649 | D:4      | Noticed a slave
  2650 | D:4      | Noticed a slave
  2651 | D:4      | Noticed Pikel
  2654 | D:4      | Killed a slave
  2665 | D:4      | Killed a slave
  2668 | D:4      | Killed a slave
  2676 | D:4      | Killed Pikel
  2676 | D:4      | Reached skill level 9 in Unarmed Combat
  2676 | D:4      | Reached XP level 7. HP: 35/66 MP: 6/6
  2834 | D:4      | Found a sacrificial altar of Ru.
  2882 | D:5      | Entered Level 5 of the Dungeon
  2885 | D:5      | Reached skill level 1 in Invocations
  2903 | D:5      | Reached XP level 8. HP: 49/74 MP: 6/8
  2969 | D:5      | Found a snail-covered altar of Cheibriados.
  3280 | D:5      | Found a sand-covered staircase.
  3286 | Ossuary  | Entered an ossuary
  3371 | Ossuary  | Noticed a flying skull
  3377 | Ossuary  | Noticed a flying skull
  3378 | Ossuary  | Noticed a flying skull
  3402 | Ossuary  | Noticed a flying skull
  3403 | Ossuary  | Noticed a flying skull
  3841 | D:5      | Found Vautoniq's General Store.
  3852 | D:5      | Bought a potion of might for 56 gold pieces
  3852 | D:5      | Bought a scroll of random uselessness for 14 gold pieces
  3852 | D:5      | Bought a potion of curing for 42 gold pieces
  4319 | D:6      | Reached skill level 5 in Dodging
  4543 | D:6      | Reached XP level 9. HP: 77/80 MP: 11/11
  4544 | D:6      | Found a staircase to the Ecumenical Temple.
  4776 | D:7      | Reached skill level 11 in Unarmed Combat
  4776 | D:7      | Reached XP level 10. HP: 88/88 MP: 11/14
  4849 | D:7      | Reached *** piety under Qazlal
  5482 | D:8      | Noticed a two-headed ogre
  5486 | D:8      | Noticed a two-headed ogre
  5490 | D:8      | Killed a two-headed ogre
  5495 | D:8      | Killed a two-headed ogre
  5547 | D:8      | HP: 1/88 [gnoll/great sword (14)]
  6076 | D:9      | Found a shadowy altar of Dithmenos.
  6112 | D:9      | Reached **** piety under Qazlal
  6180 | D:9      | Reached skill level 1 in Throwing
  6455 | D:9      | Found a burning altar of Makhleb.
  6756 | D:10     | Entered Level 10 of the Dungeon
  6760 | D:10     | Reached XP level 11. HP: 93/94 MP: 16/16
  6897 | D:9      | Reached ***** piety under Qazlal
  7008 | D:10     | Found a staircase to the Orcish Mines.
  7345 | D:10     | Noticed Urug
  7359 | D:10     | Killed Urug
  7477 | D:10     | Noticed Gastronok
  7492 | D:10     | Killed Gastronok
  7642 | D:11     | Reached skill level 12 in Unarmed Combat
  7651 | D:11     | Noticed a white ugly thing
  7661 | D:11     | HP: 3/94 [white ugly thing (28)]
  7662 | D:11     | Mangled by a white ugly thing

Vault maps used:
D:1:      dpeg_arrival_morbid_curiosity
D:2:      first_ration, serial_bayou_pond_e, uniq_jessica
D:3:      minmay_overflow_temple_hex, roderic_lattice_a, uniq_natasha
D:4:      nicolae_ru_path_of_blood, corexii_checkpoint_a, st_stairs_9,
          hangedman_decor_lopped, grunt_ministairs_2, uniq_pikel
D:5:      slow_altar_1, serial_shops, shop, nicolae_ossuary_entry_plus
D:6:      temple_hall
D:9:      makhleb_blood_cavern_becter, nicolae_dithmenos_the_darkroom,
          grunt_livestock, minmay_misc_feat_pillars
D:10:     hiddenorc2_lemuel, uniq_urug, uniq_gastronok
D:11:     minmay_lair_entry_grove, lab_entry_generic
Ossuary:  ossuary_due_cavern

Skill      XL: |  1  2  3  4  5  6  7  8  9 10 11 |
---------------+----------------------------------+-----
Unarmed Combat | 4 5 6 9 11 12 | 12.0
Invocations    | 1 4 7 9 |  9.7
Dodging        | 3 5 7 8 9 |  9.3
Throwing       | 1 3 |  3.6
Fighting       | |  2.4
Stealth        | |  1.0

Action                   |  1- 3 |  4- 6 |  7- 9 | 10-12 || total
-------------------------+-------+-------+-------+-------++-------
Melee: Unarmed           |    84 |   159 |   109 |   370 ||   722
       Punch             |     1 |     6 |     2 |    16 ||    25
Throw: Large rock        |       |       |       |     4 ||     4
       Javelin           |       |       |       |     1 ||     1
       Throwing net      |       |       |       |     1 ||     1
  Use: Scroll            |       |     7 |     5 |     4 ||    16
       Potion            |       |       |     1 |     8 ||     9
 Stab: Sleeping          |       |     2 |       |       ||     2
       Held in net/web   |       |       |       |     1 ||     1
  Eat: Chunk             |    13 |    17 |     9 |    33 ||    72
       Ration            |       |       |       |     1 ||     1
Armor: Robe              |    34 |    47 |    13 |    56 ||   150
Dodge: Dodged            |    43 |    67 |    30 |   222 ||   362
Block: Other             |       |     2 |    12 |    68 ||    82

Table legend:
 A = Non-vault XP
 B = Vault XP
 C = Vault XP percentage of total XP
 D = Non-vault monster count
 E = Vault monster count
 F = Vault count percentage of total count
                 A         B        C        D         E       F
            +---------+---------+-------+---------+---------+-------
      Total |    8063 |    6086 |  43.0 |     193 |      68 |  26.1
            +---------+---------+-------+---------+---------+-------
        D:1 |      55 |       4 |   6.8 |      29 |       2 |   6.5
        D:2 |     153 |      37 |  19.5 |      22 |       1 |   4.3
        D:3 |      97 |      36 |  27.1 |      14 |       1 |   6.7
        D:4 |     177 |     679 |  79.3 |       9 |       8 |  47.1
        D:5 |     728 |      18 |   2.4 |      12 |       1 |   7.7
        D:6 |     331 |       0 |   0.0 |      12 |       0 |   0.0
        D:7 |     982 |       0 |   0.0 |      16 |       0 |   0.0
        D:8 |    2590 |       0 |   0.0 |      27 |       0 |   0.0
        D:9 |     754 |    1155 |  60.5 |      21 |      10 |  32.3
       D:10 |    1752 |    3604 |  67.3 |      23 |      31 |  57.4
       D:11 |     444 |       0 |   0.0 |       8 |       0 |   0.0
    Ossuary |       0 |     553 | 100.0 |       0 |      14 | 100.0
            +---------+---------+-------+---------+---------+-------
